 Dungeon Crawl Stone Soup version 0.29.0-4-gdea44cf6ec (webtiles) character file.

Game seed: 5534029349648924009

40 qw the Sneak (level 3, 0/17 HPs)
             Began as a Felid Delver on Aug 27, 2022.
             Slain by an adder (4 damage)
             ... on level 5 of the Dungeon.
             The game lasted 00:00:00 (93 turns).

qw the Sneak (Felid Delver)                           Turns: 93, Time: 00:00:00

Health: 0/17       AC:  1    Str:  8    XL:     3   Next: 30%
Magic:  4/4        EV: 17    Int: 11    God:
Gold:   0          SH:  0    Dex: 19    Spells: 2/2 levels left
                                        Lives:  0   Deaths: 0

rFire   . . .      SeeInvis +     - Unarmed
rCold   . . .      Faith    .   (shield unavailable)
rNeg    . . .      Spirit   .   (body armour unavailable)
rPois   .          Reflect  .   (helmet unavailable)
rElec   .          Harm     .   (cloak unavailable)
rCorr   .          Rampage  .   (gloves unavailable)
Will    .....                   (boots unavailable)
Stlth   ++++......              (no amulet)
HPRegen 0.05/turn               (no ring)
MPRegen 0.09/turn               (no ring)

@: quick
A: very small, claws 1, fangs 3, see invisible, speed 1, shaggy fur 1, stealthy
paws, no weapons or thrown items, no armour, multi-lived
a: no special abilities


You were on level 5 of the Dungeon.
You visited 1 branch of the dungeon, and saw 1 of its levels.


Innate Abilities, Weirdness & Mutations

You have sharp claws.
You have razor-sharp teeth.
You have supernaturally acute eyesight. (SInv)
You cover ground quickly. (Speed+)
You are covered in fur. (AC +1)
Your paws help you pounce on unaware monsters.
You are incapable of wielding weapons or throwing items.
You cannot wear armour.
You gain extra lives every three experience levels.


   Skills:
 - Level 3.0 Fighting
 + Level 2.6 Dodging
 - Level 6.6 Stealth
 - Level 3.8 Unarmed Combat


You had 2 spell levels left.
You didn't know any spells.
Your spell library was empty.

Inventory:

Wands
 e - a wand of digging (3)
Scrolls
 a - a scroll of fog
 b - a scroll of magic mapping
 c - a scroll of fear
Potions
 d - a potion of haste

Dungeon Overview and Level Annotations

Branches:
Dungeon (5/15)
 Temple: D:4-7

Altars:

Portals:
Abyss: D:5

Annotations:
D:5 2 transporters, qw's ghost, weakling FeDe


Message History

You scratch the howler monkey. Your bite misses the howler monkey.
The howler monkey is moderately wounded.
The howler monkey hoots and howls with incredible vigour!
You hear an angry hiss.
You hear a shout! x5
You scratch the howler monkey.
The howler monkey is heavily wounded.
The howler monkey hits you.
Ouch! That really hurt!
You scratch the howler monkey.
The howler monkey is heavily wounded.
The howler monkey misses you.
You barely miss the howler monkey.
The howler monkey is heavily wounded.
The howler monkey hits you. The howler monkey closely misses you.
You scratch the howler monkey.
The howler monkey is severely wounded.
An adder comes into view.
The howler monkey hoots and howls with incredible vigour!
The adder hisses angrily.
You hear an angry hiss.
You scratch the howler monkey.
The howler monkey is severely wounded.
The howler monkey barely misses you.
You scratch the howler monkey but do no damage.
The howler monkey is severely wounded.
The howler monkey closely misses you.
You scratch the howler monkey.
You kill the howler monkey!
Your Unarmed Combat skill increases to level 3!
You have reached level 2!
You have reached level 3!
Your experience leads to an increase in your attributes!
Increase (S)trength, (I)ntelligence, or (D)exterity?
You feel agile. x2
The adder closely misses you.
You scratch the adder.
The adder is lightly wounded.
The adder bites you but does no damage.
You scratch the adder.
The adder is heavily wounded.
The adder bites you.
You die...

.... .... #.. ... #...
..# #....
..#########...# #####
..##.....##...###....#
..#..................#
..'............S.....#
..##.....##.....@....#
..##.....##..........#
..##.....##....#######
...#.....##....##
...+......'.....#
..##.....##.....#
...#######......# ...#
#.#+#### ..## ##


You could see an adder.

Vanquished Creatures
  A howler monkey (D:5)
1 creature vanquished.

Notes
Turn   | Place    | Note
-------+----------+-------------------------------------------
     0 | D:5      | qw the Felid Delver began the quest for the Orb.
     0 | D:5      | Reached XP level 1. HP: 10/10 MP: 2/2
     0 | D:5      | 0 ||| qw: Version: 0.1-a-89-g26bdef1
     0 | D:5      | 0 ||| qw: Game counter: 79
     0 | D:5      | 0 ||| qw: Always use a shield: true
     0 | D:5      | 0 ||| qw: God list: Okawaru, Trog
     0 | D:5      | 0 ||| qw: Allow faded altars: false
     0 | D:5      | 0 ||| qw: Do Orc after D:15 true
     0 | D:5      | 0 ||| qw: Do second Lair branch before Depths: true
     0 | D:5      | 0 ||| qw: Lair rune preference: random
     0 | D:5      | 0 ||| qw: Plans: Normal
     0 | D:5      | 0 ||| PLANNING D:1-11
     2 | D:5      | Found a transporter.
    21 | D:5      | Noticed a kobold brigand
    25 | D:5      | Found a transporter.
    26 | D:5      | Found a one-way gate to the infinite horrors of the Abyss.
    26 | D:5      | Noticed qw's ghost (weakling FeDe)
    26 | D:5      | Noticed a crimson imp
    65 | D:5      | Noticed a howler monkey
    85 | D:5      | HP: 2/10 [howler monkey (2)]
    89 | D:5      | Killed a howler monkey
    90 | D:5      | Reached skill level 3 in Unarmed Combat
    90 | D:5      | Reached XP level 2. HP: 3/14 MP: 3/3
    90 | D:5      | Reached XP level 3. HP: 3/17 MP: 4/4
    93 | D:5      | Slain by an adder

Levels and vault maps discovered:
D:5:      layout_gridville, serial_shops, nicolae_shop_crystal,
          gammafunk_ghost_abyssal_escape

Skill      XL: |  1 |
---------------+----+-----
Unarmed Combat | 3 |  3.8
Fighting       | |  3.0
Dodging        | |  2.6
Stealth        | |  6.6

Action                   || total
-------------------------++-------
Melee: Unarmed           ||    11
Armor: Skin              ||     1
Dodge: Dodged            ||     7

Table legend:
 A = Non-vault XP
 B = Vault XP
 C = Vault XP percentage of total XP
 D = Non-vault monster count
 E = Vault monster count
 F = Vault count percentage of total count
                 A         B        C        D         E       F
            +---------+---------+-------+---------+---------+-------
      Total |      58 |       0 |   0.0 |       1 |       0 |   0.0
            +---------+---------+-------+---------+---------+-------
        D:5 |      58 |       0 |   0.0 |       1 |       0 |   0.0
            +---------+---------+-------+---------+---------+-------
